 Dungeon Crawl Stone Soup version 0.31.0 (webtiles) character file.

Game seed: 12708860109567340087

704 qw the Skirmisher (level 7, -2/44 HPs)
             Began as a Gargoyle Hunter on Jan 19, 2024.
             Slain by a gnoll
             ... wielding a +0 whip
             ... led by a gnoll sergeant
              (7 damage)
             ... on level 5 of the Dungeon.
             The game lasted 00:00:15 (3186 turns).

qw the Skirmisher (Gargoyle Hunter)                 Turns: 3186, Time: 00:00:16

Health: -2/44      AC:  7    Str: 14    XL:     7   Next: 66%
Magic:  7/7        EV: 12    Int: 10    God:
Gold:   310        SH:  0    Dex: 15    Spells: 6/6 levels left

rFire   . . .        a - +0 shortbow (flame)
rCold   . . .        (shield currently unavailable)
rNeg    + . .        d - +0 troll leather armour {Pargi}
rPois   inf          (no helmet)
rElec   +            (no cloak)
rCorr   .            (no gloves)
SInv    .            (no boots)
Will    .....        (no amulet)
Stlth   ++           (no ring)
HPRegen 1.07/turn    (no ring)
MPRegen 0.10/turn

%: no passive effects
@: no status effects
A: sickness immunity, AC +4, negative energy resistance 1, electricity
resistance, torment resistance 1, petrification resistance
a: no special abilities


You were on level 5 of the Dungeon.
You visited 1 branch of the dungeon, and saw 5 of its levels.
You also visited: Sewer.

You collected 310 gold pieces.


Innate Abilities, Weirdness & Mutations

You are immune to sickness and miasma.
Your stone body is resilient. (AC +4)
You are immune to poison.
You resist negative energy. (rN+)
You are resistant to electric shocks. (rElec)
You are resistant to unholy torment.
You are immune to petrification.


   Skills:
 + Level 4.6 Fighting
 - Level 8.0 Ranged Weapons
 - Level 1.1 Armour
 - Level 2.0 Dodging
 - Level 1.1 Stealth


You had 6 spell levels left.
You didn't know any spells.
Your spell library was empty.

Inventory:

Hand Weapons
 a - a +0 shortbow of flaming (weapon)
Armour
 d - a +0 troll leather armour (worn) {Pargi}
Jewellery
 e - a ring of ice
Potions
 b - a potion of heal wounds {unknown}
 c - a potion of might {unknown}
 f - a potion of brilliance {unknown}
 g - a potion of attraction {unknown}
 h - a potion of lignification {unknown}

Dungeon Overview and Level Annotations

Branches:
Dungeon (5/15)              Sewer (visited)
 Temple: D:4-7

Altars:
Fedhas
Ru
Wu Jian
Xom
Yredelemnul


Message History

The arrow closely misses the gnoll.
The gnoll sergeant hits you from afar with a +0 trident.
You shoot an arrow. The arrow hits the gnoll.
The arrow burns the gnoll.
The gnoll is severely wounded.
The gnoll sergeant hits you from afar with a +0 trident!
The gnoll barely misses you.
You shoot an arrow.
The arrow hits the gnoll but does no damage.
The gnoll is severely wounded.
The gnoll sergeant hits you but does no damage.
The gnoll hits you from afar with a +0 halberd.
You shoot an arrow. The arrow hits the gnoll.
The arrow burns the gnoll.
The gnoll is almost dead.
The gnoll sergeant closely misses you. The gnoll closely misses you.
You shoot an arrow. The arrow hits the gnoll.
The arrow burns the gnoll.
You kill the gnoll!
The gnoll sergeant hits you from afar with a +0 trident!
You shoot an arrow. The arrow hits the gnoll sergeant.
The arrow burns the gnoll sergeant.
The gnoll sergeant is heavily wounded.
The gnoll sergeant barely misses you.
You shoot an arrow. The arrow hits the gnoll sergeant.
The arrow burns the gnoll sergeant.
The gnoll sergeant is heavily wounded.
The gnoll sergeant hits you from afar with a +0 trident.
You shoot an arrow.
The arrow hits the gnoll sergeant but does no damage.
The gnoll sergeant is heavily wounded.
The gnoll sergeant hits you from afar with a +0 trident!
You shoot an arrow. The arrow hits the gnoll sergeant.
The arrow burns the gnoll sergeant.
The gnoll sergeant is severely wounded.
The gnoll sergeant hits you from afar with a +0 trident.
You shoot an arrow.
The arrow hits the gnoll but does no damage.
The gnoll sergeant hits you from afar with a +0 trident!
The gnoll misses you.
You shoot an arrow. The arrow closely misses the gnoll.
The gnoll sergeant closely misses you. The gnoll hits you with a +0 whip!
You die...

...... ..... ..g.
..g . .g ...###.
### ......g##.####
#)g@.##.##
#........##
##....[...##
##...###....#
........##..##
#......##<.##
.....#..#......#
#..###.##...<.##
#..
#..##..##..#.....#


You could see a gnoll sergeant and a gnoll.

Vanquished Creatures
  Pargi (Sewer)
  An ogre (D:4)
  A phantom (D:5)
  A brain worm (Sewer)
  A scorpion (D:4)
  A hound (D:5)
  2 orc priests (D:4)
  2 orc wizards (D:4)
  3 gnolls (D:5)
  4 adders
  2 dart slugs
  2 ribbon worms (D:2)
  7 orcs
  12 ball pythons
  8 endoplasms
  2 giant cockroaches (D:4)
  8 goblins
  8 hobgoblins
  4 jackals
  A quokka (D:3)
  19 bats
  3 frilled lizards
  10 kobolds
  7 rats
110 creatures vanquished.

Vanquished Creatures (others)
  A goblin (D:4)
  A hobgoblin (D:4)
2 creatures vanquished.

Grand Total: 112 creatures vanquished

Notes
Turn   | Place    | Note
-------+----------+-------------------------------------------
     0 | D:1      | qw the Gargoyle Hunter began the quest for the Orb.
     0 | D:1      | Reached XP level 1. HP: 12/12 MP: 1/1
     0 | D:1      | 0 ||| qw: Version: 0.3-a-132-g3d54051
     0 | D:1      | 0 ||| qw: Game counter: 19
     0 | D:1      | 0 ||| qw: Melee chars always use a shield: true
     0 | D:1      | 0 ||| qw: God list: Okawaru
     0 | D:1      | 0 ||| qw: Allow faded altars: false
     0 | D:1      | 0 ||| qw: Do Orc after clearing Dungeon:15 true
     0 | D:1      | 0 ||| qw: Do second Lair branch before Depths: true
     0 | D:1      | 0 ||| qw: Lair rune preference: random
     0 | D:1      | 0 ||| qw: Goals: Normal
     0 | D:1      | 0 ||| PLANNING D:1-11
   180 | D:1      | Reached XP level 2. HP: 17/17 MP: 2/2
   567 | D:1      | 567 ||| READING scroll labelled ICA FANOLUROCE.
   567 | D:1      | 567 ||| IDENTIFYING amethyst potion
   568 | D:1      | 568 ||| READING scroll labelled DYMOOS TIOJAE.
   669 | D:1      | 669 ||| DROPPING scroll of butterflies.
   670 | D:1      | 670 ||| DROPPING potion of ambrosia.
   680 | D:2      | Found a blossoming altar of Fedhas.
   745 | D:2      | 745 ||| FLEEEEING.
   748 | D:2      | 748 ||| STAIRDANCE
   761 | D:1      | 761 ||| READING scroll of identify.
   761 | D:1      | 761 ||| IDENTIFYING fuming emerald potion
   762 | D:1      | 762 ||| DROPPING potion of invisibility.
   817 | D:2      | Reached XP level 3. HP: 21/21 MP: 3/3
   875 | D:2      | Reached skill level 5 in Ranged Weapons
  1035 | D:2      | Reached skill level 3 in Fighting
  1284 | D:2      | 1284 ||| READING scroll of identify.
  1284 | D:2      | 1284 ||| IDENTIFYING sedimented dark potion
  1285 | D:2      | 1285 ||| READING scroll labelled SUSHIC MOYPT.
  1286 | D:2      | 1286 ||| READING scroll labelled ANACERCH RUINIK.
  1290 | D:2      | 1290 ||| DROPPING potion of berserk rage.
  1310 | D:3      | 1310 ||| PLANNING SEWER
  1402 | D:3      | Found a blossoming altar of Fedhas.
  1449 | D:3      | Reached XP level 4. HP: 13/28 MP: 4/4
  1449 | D:3      | 1449 ||| FLEEEEING.
  1454 | D:3      | 1454 ||| STAIRDANCE
  1536 | D:3      | Found an ornate altar of the Wu Jian Council.
  1884 | D:3      | 1884 ||| FLEEEEING.
  1953 | D:3      | Found a glowing drain.
  1954 | D:3      | 1954 ||| DROPPING ring of magical power.
  1955 | D:3      | 1955 ||| READING scroll labelled QELYMA SEWKE.
  1956 | D:3      | 1956 ||| READING scroll labelled QUUXKU XALL.
  1956 | D:3      | 1956 ||| BRANDING +0 shortbow.
  1960 | Sewer    | Entered a sewer
  1973 | Sewer    | Reached XP level 5. HP: 32/32 MP: 5/5
  2004 | Sewer    | Reached skill level 6 in Ranged Weapons
  2076 | Sewer    | Noticed Pargi
  2088 | Sewer    | Killed Pargi
  2089 | Sewer    | Reached XP level 6. HP: 33/39 MP: 6/6
  2145 | Sewer    | 2145 ||| UPGRADING to +0 troll leather armour {Pargi}.
  2155 | Sewer    | 2155 ||| DROPPING +0 leather armour.
  2156 | Sewer    | 2156 ||| READING scroll labelled ICUVEO OPHYOTO.
  2265 | D:3      | 2265 ||| PLANNING D:1-11
  2691 | D:4      | HP: 6/39 [ogre/+0 giant club (29)]
  2696 | D:4      | Reached skill level 7 in Ranged Weapons
  2776 | D:4      | Reached XP level 7. HP: 44/44 MP: 7/7
  2854 | D:4      | HP: 9/44 [orc/+0 flail (4)]
  2858 | D:4      | HP: 3/44 [scorpion (4)]
  2860 | D:4      | HP: 1/44 [orc/+0 flail (4)]
  2866 | D:4      | HP: 5/44 [orc/+0 flail (3)]
  2873 | D:4      | 2873 ||| FLEEEEING.
  2875 | D:4      | 2875 ||| FLEEEEING.
  2876 | D:4      | 2876 ||| FLEEEEING.
  2877 | D:4      | 2877 ||| FLEEEEING.
  2878 | D:4      | 2878 ||| FLEEEEING.
  2879 | D:4      | 2879 ||| FLEEEEING.
  2880 | D:4      | 2880 ||| STAIRDANCE
  2932 | D:4      | Found a shimmering altar of Xom.
  3010 | D:4      | Found a basalt altar of Yredelemnul.
  3019 | D:4      | Found a sacrificial altar of Ru.
  3110 | D:5      | Entered Level 5 of the Dungeon
  3131 | D:5      | Reached skill level 8 in Ranged Weapons
  3143 | D:5      | Reached skill level 1 in Armour
  3151 | D:5      | 3151 ||| READING scroll of brand weapon.
  3151 | D:5      | 3151 ||| BRANDING +0 shortbow of freezing.
  3168 | D:5      | 3168 ||| RETREEEEATING.
  3185 | D:5      | HP: 3/44 [gnoll sergeant/+0 trident (10)]
  3186 | D:5      | Slain by a gnoll

Levels and vault maps discovered:
D:1:      lemuel_arrival_river_ford, layout_basic
D:2:      minmay_general_purpose_star, layout_basic, basic_altar
D:3:      layout_loops_cross, amcnicky_altar_gilded,
          nicolae_wu_jian_wuxing_cycle, gup_sewer_entry_bowl, dk_noncrumbling_3,
          kennysheep_generic_room_15
D:4:      layout_rooms, xom_confusion_cloud, mainiacjoe_overflow_swirl,
          minivault_27
D:5:      corexii_shack_village, layout_cave_pools,
          nicolae_dithmenos_through_a_glass_darkly, nemelex_dance_club_becter,
          ashenzari_conservatory_becter, minmay_hedge_maze, uniq_eustachio

Skill      XL: |  1  2  3  4  5  6  7 |
---------------+----------------------+-----
Ranged Weapons | 5 6 7 8 |  8.0
Fighting       | 3 4 |  4.6
Dodging        | 2 |  2.0
Armour         | 1 |  1.1
Stealth        | |  1.1

Action                     |  1- 3 |  4- 6 |  7- 9 || total
---------------------------+-------+-------+-------++-------
   Fire: Shortbow          |   137 |   157 |   114 ||   408
    Use: Scroll            |     6 |     3 |     1 ||    10
 Armour: Leather armour    |    45 |    43 |       ||    88
         Troll leather arm |       |     7 |    61 ||    68
  Dodge: Dodged            |    31 |    51 |    77 ||   159

Table legend:
 A = Non-vault XP
 B = Vault XP
 C = Vault XP percentage of total XP
 D = Non-vault monster count
 E = Vault monster count
 F = Vault count percentage of total count
                 A         B        C        D         E       F
            +---------+---------+-------+---------+---------+-------
      Total |     642 |     364 |  36.2 |      86 |      24 |  21.8
            +---------+---------+-------+---------+---------+-------
        D:1 |      26 |       0 |   0.0 |      18 |       0 |   0.0
        D:2 |      32 |      18 |  36.0 |      16 |       4 |  20.0
        D:3 |      82 |       5 |   5.7 |      25 |       3 |  10.7
        D:4 |     310 |      99 |  24.2 |      22 |       5 |  18.5
        D:5 |     192 |       0 |   0.0 |       5 |       0 |   0.0
      Sewer |       0 |     242 | 100.0 |       0 |      12 | 100.0
            +---------+---------+-------+---------+---------+-------
